AoeStats
← Pattoxichead

Arabia

504946152Analyzed
1v1 RM · 24d ago on Sep 7, 2026· 32m 45s· 2 players
Game mode
Random Map
Map size
Tiny (2 player)
Population
200
Speed
Normal
Resources
Standard
Victory
Conquest
Starting age
Dark Age
Ending age
Imperial Age
RankedLock teamsTeams togetherTeam positionsShared explorationLock speedFull tech treeHidden civsTurbo modeCheats
Victory
Defeat
🇲🇽 Lithuanians · Mexico
985
+17
🇺🇸 Aztecs · United States
1000
-51
eduardodmo
8:50 Feudal Age
8:40 Loom
9:17 Double-Bit Axe
18:55 Castle Age
17:18 Horse Collar
18:40 Scale Barding Armor
18:49 Gold Mining
20:59 Bloodlines
24:30 Stone Mining
25:47 Chain Barding Armor
25:38 Forging
26:28 Heavy Plow
27:06 Wheelbarrow
30:58 Iron Casting
30:44 Bow Saw
35:44 Imperial Age
Pattoxichead
21:09 Feudal Age
29:57 Castle Age
Connection lost

Rejoining the realm…

Still unreachable

The connection could not be restored.

Session expired

The server has moved on; the page needs a fresh start.